 Dungeon Crawl Stone Soup version 0.25-a0-1133-g93ebf739aa (webtiles) character file.

Game seed: 4253129729601613213, levelgen mode: deterministic

250 Flugslaktarn the Chopper (level 5, -3/49 HPs)
             Began as a Deep Dwarf Fighter on May 20, 2020.
             Slain by an ogre
             ... wielding a +0 giant club
              (23 damage)
             ... on level 4 of the Dungeon.
             The game lasted 00:01:04 (576 turns).

Flugslaktarn the Chopper (Deep Dwarf Fighter)        Turns: 576, Time: 00:01:04

Health: -3/49      AC:  7    Str: 20    XL:     5   Next: 88%
Magic:  4/4        EV:  7    Int:  9    God:
Gold:   36         SH:  9    Dex: 12    Spells: 4/4 levels left

rFire    . . .     SeeInvis .   a - +0 war axe
rCold    . . .     Gourm    .   c - +0 kite shield
rNeg     . . .     Faith    .   b - +0 scale mail
rPois    .         Spirit   .   (no helmet)
rElec    .         Reflect  .   (no cloak)
rCorr    .         Harm     .   (no gloves)
MR       .....                  (no boots)
Stlth    ..........             (no amulet)
HPRegen  0.00/turn              (no ring)
MPRegen  0.09/turn              (no ring)

@: non-regenerating
A: damage resistance, heal wounds, sense surroundings 1, no regeneration
a: Heal Wounds


You were on level 4 of the Dungeon.
You were not hungry.

You visited 1 branch of the dungeon, and saw 4 of its levels.

You collected 36 gold pieces.

Inventory:

Hand Weapons
 a - a +0 war axe (weapon)
Armour
 b - a +0 scale mail (worn)
 c - a +0 kite shield (worn)
Scrolls
 j - a scroll of amnesia
 k - a scroll of enchant weapon
Potions
 d - a potion of might
 q - a potion of curing
Comestibles
 e - 5 rations
 f - 2 chunks of flesh


   Skills:
 + Level 3.6 Fighting
 * Level 4.6 Axes
 + Level 4.3 Armour
 + Level 4.3 Shields


You had 4 spell levels left.
You didn't know any spells.
Your spell library was empty.

Dungeon Overview and Level Annotations

Branches:
Dungeon (4/15)
 Temple: D:4-7

Altars:
Wu Jian

Shops:
D:4 **


Innate Abilities, Weirdness & Mutations

You are resistant to damage.
You can heal yourself by infusing magical energy.
You passively map a small area around you.
You do not regenerate.


Message History

You are too injured to fight recklessly!
You are too injured to fight recklessly!
You are too injured to fight recklessly!
You are too injured to fight recklessly!
You are too injured to fight recklessly!
You are too injured to fight recklessly!
You feel much better. You block the ogre's attack.
You hit the ogre.
The ogre is severely wounded.
The ogre barely misses you.
You hit the ogre.
The ogre is almost dead.
The ogre hits you with a +0 giant club.
You barely miss the ogre.
The ogre is almost dead.
You block the ogre's attack.
Your shield and scale mail prevent you from hitting the ogre.
The ogre is almost dead.
The ogre hits you with a +0 giant club!!
You die...

**,,,,,,,,**,,,**...**,,,,,,*
##....#+*.......##..#**,,,,,,*
......+∩+...........##*.,,∩,,*
......#+#...........?#.,,,,,,*
.............#,......∩.,,,,,,*
............##,[....#,..,,,,**
.##..........###....#...,,,,,****
.............##....>....,,**,,,,*
..............##@.......,,,,,,,,*
##..........∩..#O#....$#*******,*
#.$.....O.l.....#,.....**,,,,*,*
##......####.....#,,..⌠.,,,≈_,*,*
#................#,,,...,,≈,,,*,*
..................#,,,.≈,,≈,,,*,*
......###........##*,,,≈≈≈≈,,**,*
....###........###*,,,,≈≈≈≈,,**,*
....,,.........# **,,,≈≈≈≈≈,,*,*


You could see an ogre.

Vanquished Creatures
  Sigmund (D:4)
  4 adders
  2 oozes
  A worm (D:2)
  A leopard gecko (D:2)
  3 orcs (D:3)
  A ball python (D:3)
  4 bats
  2 giant cockroaches (D:3)
  4 goblins
  3 hobgoblins
  2 kobolds
  2 quokkas (D:2)
  A frilled lizard (D:4)
  A leopard gecko skeleton (D:4)
  6 rats
38 creatures vanquished.

Notes
Turn   | Place    | Note
-------+----------+-------------------------------------------
     0 | D:1      | Flugslaktarn the Deep Dwarf Fighter began the quest for the
                  | Orb.
     0 | D:1      | Reached XP level 1. HP: 20/20 MP: 1/1
   130 | D:2      | Reached XP level 2. HP: 22/27 MP: 2/2
   157 | D:2      | Reached XP level 3. HP: 25/33 MP: 3/3
   329 | D:3      | Found an ornate altar of the Wu Jian Council.
   406 | D:3      | Reached XP level 4. HP: 31/42 MP: 4/4
   437 | D:3      | Found a faded altar of an unknown god.
   466 | D:4      | Noticed Sigmund
   467 | D:4      | Noticed an ogre
   529 | D:4      | Found Rosean's General Store.
   541 | D:4      | Found Zufihump's Assorted Antiques.
   566 | D:4      | Killed Sigmund
   566 | D:4      | Reached XP level 5. HP: 41/49 MP: 4/4
   576 | D:4      | Slain by an ogre

Illustrated notes

Levels and vault maps discovered:
D:1:      psy_arrival_radial01, layout_basic
D:2:      layout_rooms, grunt_gozag_breadcrumbs
D:3:      layout_loops_ring, old_standard_altar, grunt_temple_overflow_open,
          chequers_ecumenical_altar_simple
D:4:      layout_cave_pools, kiku_gazebo_pond_becter,
          lemuel_coloured_pillars_altar, enter_ossuary_1, serial_shops, shop,
          shop, nicolae_shop_behind_doors, shop, first_ration, uniq_sigmund

Skill      XL: |  1  2  3  4 |
---------------+-------------+-----
Axes           | 3 4 |  4.6
Fighting       | 3 |  3.6
Armour         | 4 |  4.3
Shields        | 4 |  4.3

Action                   |  1- 3 |  4- 6 || total
-------------------------+-------+-------++-------
Melee: War axe           |    80 |    60 ||   140
 Abil: Heal Wounds       |       |     6 ||     6
  Use: Scroll            |       |     6 ||     6
Armor: Scale mail        |    38 |    42 ||    80
Dodge: Dodged            |    32 |    31 ||    63
Block: Kite shield       |    51 |    51 ||   102

Table legend:
 A = Non-vault XP
 B = Vault XP
 C = Vault XP percentage of total XP
 D = Non-vault monster count
 E = Vault monster count
 F = Vault count percentage of total count
                 A         B        C        D         E       F
            +---------+---------+-------+---------+---------+-------
      Total |     127 |     231 |  64.5 |      37 |       1 |   2.6
            +---------+---------+-------+---------+---------+-------
        D:1 |      10 |       0 |   0.0 |       6 |       0 |   0.0
        D:2 |      69 |       0 |   0.0 |      15 |       0 |   0.0
        D:3 |      33 |       0 |   0.0 |      13 |       0 |   0.0
        D:4 |      15 |     231 |  93.9 |       3 |       1 |  25.0
            +---------+---------+-------+---------+---------+-------
